 Dungeon Crawl Stone Soup version 0.24.0-125-gc4c63601f3 (webtiles) character file.

Game seed: 5717080301012960556, levelgen mode: deterministic

31491 MajorAdolf the Unseen (level 13, -2/181 HPs)
             Began as a Naga Wanderer on Feb 24, 2020.
             Slain by an eight-headed hydra (9 damage)
             ... on level 5 of the Lair of Beasts.
             The game lasted 01:11:53 (24902 turns).

MajorAdolf the Unseen (Naga Wanderer)              Turns: 24902, Time: 01:11:54

Health: -2/181     AC: 26    Str: 20    XL:     13   Next: 58%
Magic:  13/13      EV:  1    Int: 19    God:
Gold:   999        SH:  0    Dex: 11    Spells: 8/12 levels left

rFire    + + +     SeeInvis +   a - +5 dagger (protect)
rCold    + . .     Gourm    .   P - +0 buckler
rNeg     + + +     Faith    .   (armour currently unavailable)
rPois    +         Spirit   .   (helmet currently unavailable)
rElec    .         Reflect  .   (cloak currently unavailable)
rCorr    .         Harm     .   (gloves currently unavailable)
MR       +....     NoTele   +   (no barding)
Stlth    +++.......             s - amulet of regeneration
HPRegen  0.80/turn              R - ring of Xom's Bemusement {rF+++ rC+ EV-2 Int+7} (curse)
MPRegen  0.13/turn              x - +4 ring of slaying

@: confused, lethally poisoned (-2 -> -2), tree-form, marked
A: large, see invisible, slow metabolism 1, spit poison 1, AC +4
a: Spit Poison


You were on level 5 of the Lair of Beasts.
You were not hungry.
You were a tree.
You visited 2 branches of the dungeon, and saw 17 of its levels.
You also visited: Ossuary.

You collected 1471 gold pieces.
You spent 472 gold pieces at shops.

Inventory:

Hand Weapons
 a - a +5 dagger of protection (weapon)
 j - a +2 hunting sling of freezing
 M - a +1 whip of electrocution
 Q - a +0 hand axe of draining
Missiles
 b - 16 curare-tipped darts (quivered)
 e - a throwing net
 m - 501 stones
 E - 56 poisoned darts
Armour
 o - a +0 helmet (melded)
 u - a +3 naga barding (melded)
 F - a +2 pair of gloves (melded)
 P - a +0 buckler (worn)
 V - the +3 leather armour of Incorporation (melded) {rElec}
   (You found it on level 6 of the Dungeon)

   It insulates you from electricity.
Jewellery
 s - an amulet of regeneration (around neck)
 x - a +4 ring of slaying (right branch)
 I - a +2 ring of protection
 K - an uncursed ring of protection from magic
 O - an uncursed amulet of the acrobat
 R - the cursed ring of Xom's Bemusement (left branch) {rF+++ rC+ EV-2 Int+7}
   (You took it off an orc on level 6 of the Dungeon)

   [ring of evasion]

   It affects your evasion (-2).
   It affects your intelligence (+7).
   It renders you almost immune to fire.
   It protects you from cold.
   It has a curse placed upon it.
 W - an uncursed ring of protection from cold
Wands
 n - a wand of polymorph (28)
 r - a wand of iceblast (17)
 C - a wand of random effects (25)
 Y - a wand of paralysis (19)
Scrolls
 c - 2 scrolls of enchant weapon {unknown}
 h - a scroll of remove curse
 i - a scroll of fog {unknown}
 t - 2 scrolls of blinking
 v - 3 scrolls of immolation
 y - 2 scrolls of fear
 A - a scroll of summoning {unknown}
 B - 4 scrolls of amnesia
 J - a scroll of identify
 L - 3 scrolls of magic mapping
 Z - 2 scrolls of teleportation
Potions
 d - a potion of cancellation {unknown}
 g - 2 potions of resistance
 k - a potion of ambrosia
 p - 5 potions of flight
 q - a potion of invisibility
 w - 3 potions of haste {unknown}
 G - a potion of curing
 N - 3 potions of magic {unknown}
 S - a potion of agility {unknown}
 U - a potion of brilliance {unknown}
Comestibles
 f - 20 rations
 D - 3 chunks of flesh


   Skills:
 + Level 9.5 Fighting
 + Level 12.0 Axes
   Level 1.7 Bows
 - Level 1.0 Throwing
 + Level 7.4 Dodging
 + Level 18.1 Stealth
 + Level 6.8 Shields
 - Level 1.0 Unarmed Combat


You had 8 spell levels left.
You knew the following spells:

 Your Spells              Type           Power        Failure   Level  Hunger
a - Call Imp              Summ           #.......     30%         2    ###....
b - Blink                 Tloc           N/A          30%         2    ###....

Your spell library contained the following spells:

 Spells                   Type           Power        Failure   Level  Hunger
 Magic Dart               Conj           #...         21%         1    ##.....
 Slow                     Hex            #.......     30%         2    ###....
 Conjure Flame            Conj/Fire      #.......     52%         3    ####...
 Mephitic Cloud           Conj/Pois/Air  #.......     52%         3    ####...


Dungeon Overview and Level Annotations

Branches:
Dungeon (12/15)            Temple (0/1) D:5            Lair (5/6) D:11
 Shoals (0/4) Lair:4        Snake (0/4) Lair:3          Orc (0/2) D:12
Ossuary (visited)
  Slime: Lair:5-6

Altars:
Ashenzari
Dithmenos
Elyvilon
Fedhas
Gozag
Makhleb
Nemelex Xobeh
Okawaru
Ru
Xom
Yredelemnul
The Shining One

Shops:
D:4 *   D:11 !

Annotations:
D:2 Terence
D:8 exclusion: ooze
Lair:1 Harold
Lair:4 2 runed translucent doors, Juirae's ghost, journeyman TrMo


Innate Abilities, Weirdness & Mutations

You cannot wear boots.
((Your serpentine skin is tough. (AC +4)))
You have supernaturally acute eyesight. (SInv)
((Armour fits poorly on your strangely shaped body.))
((Your system is resistant to poisons. (rPois)))
((You cover ground very slowly.))
You have a slow metabolism.
You can spit poison.
((You can use your snake-like lower body to constrict enemies.))


Message History

The eight-headed hydra bites you but does no damage.
The eight-headed hydra bites you.
* * * LOW HITPOINT WARNING * * *
The eight-headed hydra bites you!
* * * LOW HITPOINT WARNING * * *
The eight-headed hydra bites you.
* * * LOW HITPOINT WARNING * * *
The eight-headed hydra bites you but does no damage. x3
The eight-headed hydra bites you.
* * * LOW HITPOINT WARNING * * *
A basilisk comes into view.
Unknown command.
You feel sick.
The death yak gores you but does no damage.
The bullfrog hits you but does no damage.
The crocodile bites you but does no damage.
A blink frog comes into view.
The eight-headed hydra bites you but does no damage. x4
The eight-headed hydra bites you!
You die...

..
..#.....###..##P.#..##
........###.#.###...P#
.........#.+#..#....##
...................##
.F.................P#
FD§.................#
##................##
#.#..t....P..[.P...#
.#..lY♣.##..P......#
^..#.SFYD.#.........#
.....tYt.##....#...##
.##.lD...# ....
#.#.....# ...
..#F...... ..Y#......
l.........


You could see 4 death yaks, an eight-headed hydra, 2 four-headed hydras, a
komodo dragon, a basilisk, 2 blink frogs, a water moccasin, 3 crocodiles, a
wyvern and 2 bullfrogs.

Vanquished Creatures
  A hydra (Lair:4)
  Erica (D:10)
  A catoblepas (Lair:3)
  3 death yaks
  Urug (Lair:4)
  Pikel (D:5)
  11 elephants
  2 black mambas
  6 spiny frogs
  A rime drake (Lair:3)
  3 komodo dragons
  A troll (D:10)
  A hornet (D:8)
  22 blink frogs
  6 hippogriffs
  Sigmund (D:6)
  A shadow (D:11)
  30 yaks
  3 wyverns
  A water elemental (D:11)
  A hungry ghost (D:9)
  Eustachio (D:5)
  A steam dragon (D:10)
  Edmund (D:4)
  14 water moccasins
  6 porcupines
  Duvessa (D:4)
  An ice beast (D:9)
  4 orc warriors
  3 sky beasts
  A black bear (D:6)
  A slave (D:5)
  A phantom (D:6)
  6 ogres
  5 wolves (Lair:5)
  5 centaurs
  5 crocodiles
  An elf zombie (Ossuary)
  2 big kobolds
  Blork the orc (D:4)
  5 bullfrogs
  Dowan (D:4)
  A wyvern skeleton (D:10)
  5 scorpions
  3 killer bees (D:11)
  8 wights
  4 bullfrog zombies
  4 crimson imps
  3 centaur zombies
  A quasit (D:11)
  5 hounds
  3 human zombies (Ossuary)
  5 orc priests
  2 centaur skeletons
  A gnoll shaman (D:5)
  2 jellies
  8 orc wizards
  A bullfrog skeleton (D:6)
  2 iguanas
  6 worker ants
  A big kobold zombie (Ossuary)
  2 mummies (Ossuary)
  A hound skeleton (D:10)
  2 worker ant zombies
  Robin (D:4)
  7 gnolls
  A howler monkey skeleton (D:11)
  13 adders
  2 shadow imps
  3 oozes
  3 adder zombies
  4 worms
  6 leopard geckos
  31 orcs
  2 ball pythons (Lair:3)
  4 bats
  5 giant cockroaches
  17 goblins
  8 hobgoblins
  5 jackals
  7 quokkas
  5 frilled lizards
  11 hobgoblin zombies (Ossuary)
  15 kobolds
  13 kobold zombies (Ossuary)
  A leopard gecko zombie (D:5)
  4 orc zombies (Ossuary)
  A quokka zombie (D:10)
  9 rats
  A rat zombie (Ossuary)
  2 fungi (Lair:4)
415 creatures vanquished.

Vanquished Creatures (collateral kills)
  A hippogriff (D:8)
1 creature vanquished.

Vanquished Creatures (others)
  2 orc warriors (D:7)
  A sky beast (D:7)
  A slave (D:5)
  An ogre (D:7)
  2 bullfrogs (D:7)
  A killer bee (D:7)
  An orc priest (D:5)
  A worker ant (D:7)
  An orc (D:7)
  6 kobolds (D:7)
  4 fungi
  4 plants
25 creatures vanquished.

Grand Total: 441 creatures vanquished

Notes
Turn   | Place    | Note
-------+----------+-------------------------------------------
     0 | D:1      | MajorAdolf the Naga Wanderer began the quest for the Orb.
     0 | D:1      | MajorAdolf set off with the following items: a +2 dagger, 3
                  | curare-tipped darts, a +0 spear, a potion of curing, a +0
                  | robe, a ration
     0 | D:1      | Reached XP level 1. HP: 21/21 MP: 1/1
   457 | D:1      | Reached skill level 5 in Stealth
   484 | D:1      | Reached XP level 2. HP: 28/28 MP: 2/2
   747 | D:1      | Reached skill level 6 in Stealth
  1004 | D:1      | Reached XP level 3. HP: 34/34 MP: 3/3
  1646 | D:2      | Noticed Terence
  1720 | D:2      | Reached skill level 7 in Stealth
  1982 | D:3      | Reached XP level 4. HP: 41/42 MP: 4/4
  2023 | D:2      | Found a sparkling altar of Nemelex Xobeh.
  2486 | D:3      | Reached skill level 1 in Axes
  3033 | D:3      | Reached XP level 5. HP: 49/49 MP: 5/5
  3402 | D:4      | Noticed Blork the orc
  3452 | D:4      | Noticed Dowan
  3522 | D:4      | Found Diasem's General Store.
  3530 | D:4      | Bought a potion of curing for 39 gold pieces
  3530 | D:4      | Bought a scroll of identify for 26 gold pieces
  3530 | D:4      | Bought a scroll of teleportation for 39 gold pieces
  3533 | D:4      | Found a sand-covered staircase.
  3543 | D:4      | Noticed Robin
  3583 | D:4      | Killed Robin
  3643 | Ossuary  | Entered an ossuary
  3927 | Ossuary  | Reached skill level 8 in Stealth
  4265 | Ossuary  | Reached XP level 6. HP: 39/56 MP: 6/6
  4521 | Ossuary  | Reached skill level 9 in Stealth
  4948 | D:4      | Reached XP level 7. HP: 62/62 MP: 7/7
  4964 | D:4      | Found an opulent altar of Gozag.
  4964 | D:4      | You fall into a shaft and drop 3 floors!
  4974 | D:7      | Learned a level 2 spell: Call Imp
  4977 | D:7      | Learned a level 2 spell: Blink
  5153 | D:5      | Entered Level 5 of the Dungeon
  5577 | D:6      | Reached skill level 5 in Axes
  5577 | D:6      | Reached skill level 10 in Stealth
  6155 | D:5      | Noticed Eustachio
  6202 | D:5      | Found a white marble altar of Elyvilon.
  6299 | D:4      | Noticed Duvessa
  6569 | D:4      | Noticed Edmund
  6599 | D:4      | Killed Edmund
  6599 | D:4      | Reached skill level 11 in Stealth
  6599 | D:4      | Reached XP level 8. HP: 23/69 MP: 8/8
  6911 | D:4      | Killed Blork the orc
  7001 | D:4      | Found a shadowy altar of Dithmenos.
  7067 | D:4      | Found an iron altar of Okawaru.
  7227 | D:4      | Killed Duvessa
  7236 | D:4      | Killed Dowan
  7551 | D:5      | Reached skill level 12 in Stealth
  7835 | D:5      | Noticed Pikel
  7990 | D:5      | Killed Pikel
  7990 | D:5      | Reached skill level 13 in Stealth
  7990 | D:5      | Reached XP level 9. HP: 53/75 MP: 9/9
  8225 | D:5      | Killed Eustachio
  8418 | D:5      | Found a staircase to the Ecumenical Temple.
  8447 | D:5      | Found a burning altar of Makhleb.
  8448 | D:5      | Found a sparkling altar of Nemelex Xobeh.
  8448 | D:5      | Found a sacrificial altar of Ru.
  8448 | D:5      | Found a blossoming altar of Fedhas.
  8460 | D:5      | Found a glowing golden altar of the Shining One.
  8463 | D:5      | Found a shattered altar of Ashenzari.
  9164 | D:6      | Identified the cursed ring of Xom's Bemusement {rF+++ rC+
                  | EV-2 Int+7}
  9396 | D:6      | Reached skill level 1 in Shields
  9742 | D:6      | Reached skill level 1 in Dodging
  9948 | D:6      | Reached skill level 14 in Stealth
 10317 | D:6      | Noticed Sigmund
 10341 | D:6      | Killed Sigmund
 10930 | D:7      | Reached XP level 10. HP: 81/85 MP: 10/10
 11022 | D:7      | Found a shimmering altar of Xom.
 11757 | D:6      | Got an ichor-stained leather armour
 11758 | D:6      | Identified the +3 leather armour of Incorporation {rElec}
                  | (You found it on level 6 of the Dungeon)
 12113 | D:9      | Found a basalt altar of Yredelemnul.
 12171 | D:9      | Reached skill level 5 in Fighting
 12986 | D:9      | Reached skill level 15 in Stealth
 13428 | D:10     | Entered Level 10 of the Dungeon
 13615 | D:10     | Got a steaming dagger
 13619 | D:10     | Identified the +12 dagger "Ogupoiwn" {freeze, *Slow rElec
                  | Str+2 Int+2} (You found it on level 10 of the Dungeon)
 13673 | D:10     | Noticed Erica
 13685 | D:10     | Killed Erica
 13713 | D:10     | Reached XP level 11. HP: 73/97 MP: 11/11
 14139 | D:10     | Reached skill level 10 in Axes
 14979 | D:11     | Found the amulet of the Air {Inacc +Fly rElec EV+5 RMsl}
 14993 | D:11     | Noticed a death yak
 15019 | D:10     | Killed a death yak
 15199 | D:11     | Noticed a death yak
 15199 | D:11     | Noticed a death yak
 15402 | D:11     | Reached skill level 16 in Stealth
 15822 | D:11     | Found Qawajioz's Distillery.
 15830 | D:11     | Bought 2 potions of heal wounds for 160 gold pieces
 15830 | D:11     | Bought a potion of heal wounds for 80 gold pieces
 15830 | D:11     | Bought a potion of ambrosia for 128 gold pieces
 15877 | D:11     | Reached skill level 5 in Dodging
 16192 | D:11     | Found a staircase to the Lair.
 16222 | D:10     | Killed a death yak
 16859 | D:11     | Killed a death yak
 18413 | Lair:1   | Entered Level 1 of the Lair of Beasts
 18772 | D:11     | Reached XP level 12. HP: 56/109 MP: 12/12
 19574 | Lair:1   | Reached skill level 5 in Shields
 19603 | Lair:1   | You fall into a shaft and drop 1 floor!
 20063 | Lair:1   | Noticed Harold
 20867 | Lair:2   | Reached skill level 17 in Stealth
 21783 | Lair:3   | Found a staircase to the Snake Pit.
 22213 | Lair:3   | Gained mutation: You can use your snake-like lower body to
                  | constrict enemies. [Naga growth]
 22213 | Lair:3   | Reached XP level 13. HP: 65/118 MP: 13/13
 23623 | Lair:4   | Found a large runed translucent door.
 23625 | Lair:4   | Found a large runed translucent door.
 23627 | Lair:4   | Noticed Juirae's ghost (journeyman TrMo)
 23690 | Lair:4   | HP: 8/181 [komodo dragon (16)]
 24119 | Lair:4   | Found a staircase to the Shoals.
 24430 | Lair:4   | Noticed Urug
 24452 | Lair:4   | Killed Urug
 24452 | Lair:4   | Reached skill level 18 in Stealth
 24898 | Lair:5   | HP: 9/181 [eight-headed hydra (5)]
 24898 | Lair:5   | HP: 1/181 [eight-headed hydra (8)]
 24902 | Lair:5   | Slain by an eight-headed hydra

Levels and vault maps discovered:
D:1:      minmay_arrival_widening_spiral_wide, layout_basic
D:2:      layout_rooms, nemelex_altar_shiori, uniq_terence
D:3:      layout_basic, first_ration
D:4:      layout_rooms, grunt_gozag_breadcrumbs, lemuel_round_altar,
          serial_shops, shop, nicolae_ossuary_entry_monument,
          okawaru_metal_pillars_3, uniq_edmund, uniq_duvessa,
          uniq_blork_the_orc, uniq_robin
D:5:      layout_basic, old_standard_altar, minmay_overflow_temple_hex,
          minmay_temple_entry_grid, uniq_eustachio, uniq_pikel
D:6:      minmay_polygon_palace, layout_basic, uniq_sigmund
D:7:      layout_basic, xom_confusion_cloud
D:8:      layout_rooms, hangedman_little_slice_of_home
D:9:      layout_basic, basic_altar
D:10:     layout_basic, uniq_erica
D:11:     layout_layer_cave, dpeg_lair_monsters, serial_shops, shop
D:12:     layout_basic, david_orc_4, portal_ice_cave_entry_animals_and_master,
          nicolae_dithmenos_the_darkroom, uniq_josephine, uniq_snorg
Lair:1:   layout_cave_shapes, uniq_harold
Lair:2:   layout_regular_city
Lair:3:   layout_gridlike, minmay_snake_entry_six_corridors
Lair:4:   layout_roguey, elwin_shoals_entry_rocks, ebering_ghost_disaster_area,
          uniq_urug
Lair:5:   layout_regular_city, infiniplex_staircase_pool

Skill      XL: |  1  2  3  4  5  6  7  8  9 10 11 12 13 |
---------------+----------------------------------------+-----
Stealth        | 5 6 7 8 9 11 13 14 15 16 17 18 | 18.1
Axes           | 2 3 4 5 7 8 9 10 11 12 | 12.0
Shields        | 2 4 6 |  6.8
Dodging        | 1 4 5 6 7 |  7.4
Fighting       | 4 5 7 8 9 |  9.5
Bows           | |  1.7
Throwing       | |  1.0
Unarmed Combat | |  1.0

Action                   |  1- 3 |  4- 6 |  7- 9 | 10-12 | 13-15 || total
-------------------------+-------+-------+-------+-------+-------++-------
Melee: Dagger            |    56 |   193 |    29 |    85 |    14 ||   377
       Punch             |     1 |     1 |       |       |       ||     2
       Whip              |       |   101 |   164 |   749 |    30 ||  1044
       Dire flail        |       |       |   144 |       |       ||   144
       War axe           |       |       |    25 |       |       ||    25
       Hand axe          |       |       |       |   284 |   192 ||   476
       Constrict         |       |       |       |       |    32 ||    32
       Unarmed           |       |       |       |       |     8 ||     8
 Fire: Hunting sling     |     3 |    87 |    23 |    80 |     5 ||   198
Throw: Dart              |     1 |     2 |       |       |       ||     3
 Cast: Call Imp          |       |       |     4 |     6 |       ||    10
 Abil: Spit Poison       |    33 |    17 |    16 |    22 |     1 ||    89
  Use: Scroll            |       |     9 |     5 |    15 |     2 ||    31
       Potion            |       |     3 |     5 |     5 |     6 ||    19
 Stab: Sleeping          |     2 |     7 |    11 |    24 |     7 ||    51
       Distracted        |       |       |     1 |     1 |       ||     2
       Confused          |       |       |       |       |     2 ||     2
  Eat: Chunk             |     4 |     6 |     9 |    22 |     4 ||    45
       Ration            |       |     1 |     2 |     4 |     1 ||     8
Armor: Robe              |    10 |    45 |    14 |       |       ||    69
       Skin              |       |    94 |     7 |       |   148 ||   249
       Animal skin       |       |       |   128 |    21 |       ||   149
       Leather armour    |       |       |       |   646 |   119 ||   765
Dodge: Dodged            |    27 |    72 |   135 |   469 |    86 ||   789
Block: Buckler           |       |       |     6 |   231 |    67 ||   304
